AoeStats
← Gjallarhorn

Nomad

503336462Analyzed
1v1 RM · 1mo ago on Aug 31, 2026· 23m 17s· 2 players
Game mode
Random Map
Map size
126×126
Population
200
Speed
Normal
Resources
Standard
Victory
Conquest
Starting age
Dark Age
Ending age
Imperial Age
RankedLock teamsTeams togetherTeam positionsShared explorationLock speedFull tech treeHidden civsTurbo modeCheats
Victory
Defeat
🇺🇸 Bulgarians · United States
739
+14
🇩🇪 Vikings · Germany
697
-14
Gjallarhorn
5:46 Loom
13:30 Feudal Age
14:40 Man-at-Arms
16:13 Horse Collar
16:21 Double-Bit Axe
Hannibal
3:28 Loom
15:48 Feudal Age
18:31 Forging
Connection lost

Rejoining the realm…

Still unreachable

The connection could not be restored.

Session expired

The server has moved on; the page needs a fresh start.